AoeStats
← ツ Lupinamet

Arabia

509572200Analyzed
1v1 RM · 5d ago on Sep 27, 2026· 45m 59s· 2 players
Game mode
Random Map
Map size
Tiny (2 player)
Population
200
Speed
Normal
Resources
Standard
Victory
Conquest
Starting age
Dark Age
Ending age
Imperial Age
RankedLock teamsTeams togetherTeam positionsShared explorationLock speedFull tech treeHidden civsTurbo modeCheats
Victory
Defeat
🇫🇷 Maya · France
1641
+15
🇹🇷 Tatars · Türkiye
1629
-15
ツ Lupinamet
6:34 Loom
9:14 Feudal Age
10:49 Horse Collar
21:01 Castle Age
19:50 Bloodlines
19:51 Forging
19:45 Gold Mining
20:46 Scale Barding Armor
23:34 Double-Bit Axe
24:35 Gold Shaft Mining
24:49 Husbandry
26:24 Town Watch
30:34 Bow Saw
32:03 Wheelbarrow
36:25 Stone Mining
42:26 Iron Casting
42:12 Chain Barding Armor
44:28 Imperial Age
43:07 Gold Shaft Mining
41:55 Light Cavalry
46:33 Conscription
RAIE-MYSTERIEUSE
0:25 Loom
9:19 Feudal Age
9:31 Man-at-Arms
14:47 Fletching
18:22 Double-Bit Axe
21:15 Castle Age
21:41 Crossbowman
22:20 Bodkin Arrow
24:17 Ballistics
24:06 Thumb Ring
32:56 Bow Saw
36:04 Wheelbarrow
40:18 Imperial Age
41:02 Bracer
42:05 Chemistry
40:56 Arbalester
42:22 Horse Collar
43:12 Padded Archer Armor
44:12 Capped Ram
45:29 Leather Archer Armor
Connection lost

Rejoining the realm…

Still unreachable

The connection could not be restored.

Session expired

The server has moved on; the page needs a fresh start.